[Event "AUT-ch U18-Open 2025"]
[Site "Fuerstenfeld"]
[Date "2025.04.17"]
[Round "7.1"]
[White "Gold, Theodor"]
[Black "Balint, Peter"]
[Result "0-1"]
[Annotator "RC"]
[ECO "C47"]
[WhiteElo "2066"]
[BlackElo "2366"]
[PlyCount "88"]
[EventDate "2025.04.12"]
[EventType "swiss"]
[EventCountry "AUT"]
[SourceTitle "playchess.com"]
[Source "ChessBase"]
[SourceQuality "1"]
[TimeControl "5400+30"]

1. e4 e5 2. Nf3 Nc6 3. Nc3 Nf6 4. d4 exd4 5. Nxd4 Bb4 6. Nxc6 bxc6 7. Bd3 d5 8. exd5 cxd5 9. O-O O-O 10. Bg5 c6 11. Qf3 Bd6 12. h3 Rb8 13. b3 h6 14. Bf4 Rb4 15. Ne2 c5 16. Rad1 Bb7 17. Bxd6 Qxd6 18. Ng3 g6 19. Rfe1 h5 20. c3 Rb6 21. Qe3 h4 22. Ne2 Nh5 23. Bc2 Rc8 24. Nc1 Qf6 25. Qe5 Kg7 26. Nd3 Re6 27. Qxf6+ Kxf6 28. Rxe6+ fxe6 29. Re1 c4 30. bxc4 Rxc4 31. Ne5 Rxc3 32. Ng4+ Ke7 33. Bxg6 Nf4 34. Bb1 d4 35. Be4 Ba6 36. Ne5 d3 37. Rd1 Kd6 38. Nf3 Rc2 39. a4 Rb2 40. Ne1 Ne2+ 41. Kh2 Nc3 42. Nxd3 Nxd1 43. Nxb2 Nxb2 44. Bc2 Nd3 0-1

[Event "AUT-ch U18-Open 2025"]
[Site "Fuerstenfeld"]
[Date "2025.04.17"]
[Round "7.2"]
[White "Gschiel, Alexander"]
[Black "Leitgeb, Julian"]
[Result "1/2-1/2"]
[Annotator "RC"]
[ECO "E63"]
[WhiteElo "2317"]
[BlackElo "2313"]
[PlyCount "61"]
[EventDate "2025.04.12"]
[EventType "swiss"]
[EventCountry "AUT"]
[SourceTitle "playchess.com"]
[Source "ChessBase"]
[SourceQuality "1"]
[TimeControl "5400+30"]

1. Nf3 Nf6 2. g3 g6 3. Bg2 Bg7 4. O-O O-O 5. c4 d6 6. d4 Nc6 7. Nc3 a6 8. e4 Bg4 9. Be3 Nd7 10. Qd2 Bxf3 11. Bxf3 e5 12. d5 Nd4 13. Bg2 c5 14. dxc6 bxc6 15. f4 Rb8 16. b3 Qa5 17. Kh1 Kh8 18. Rac1 c5 19. f5 f6 20. h4 Qd8 21. g4 g5 22. hxg5 fxg5 23. Bxg5 Bf6 24. Bxf6+ Nxf6 25. Bf3 Nxg4 26. Bxg4 Qh4+ 27. Qh2 Qxg4 28. Qg2 Qh4+ 29. Qh2 Qg4 30. Qg2 Qh4+ 31. Qh2 1/2-1/2

[Event "AUT-ch U18-Open 2025"]
[Site "Fuerstenfeld"]
[Date "2025.04.17"]
[Round "7.3"]
[White "Wendl, Philipp"]
[Black "Loretz, Jonas"]
[Result "1-0"]
[Annotator "RC"]
[ECO "A28"]
[WhiteElo "2268"]
[BlackElo "1869"]
[PlyCount "63"]
[EventDate "2025.04.12"]
[EventType "swiss"]
[EventCountry "AUT"]
[SourceTitle "playchess.com"]
[Source "ChessBase"]
[SourceQuality "1"]
[TimeControl "5400+30"]

1. c4 e5 2. Nc3 Nf6 3. Nf3 Nc6 4. e4 Bc5 5. Nxe5 Nxe5 6. d4 Bxd4 7. Qxd4 Nc6 8. Qd1 d6 9. Be2 h6 10. O-O O-O 11. Be3 Re8 12. f3 b6 13. Bf2 Ne5 14. Qd2 Bb7 15. Rad1 Qe7 16. Rfe1 Rad8 17. Nd5 Nxd5 18. cxd5 a6 19. Rc1 Rc8 20. Rc3 Nd7 21. Bf1 b5 22. Rec1 Nb6 23. b3 f5 24. Re1 fxe4 25. fxe4 Rf8 26. Rg3 Kh7 27. Bd4 Rg8 28. Bd3 g6 29. Rh3 h5 30. e5 dxe5 31. Rxh5+ Kg7 32. Rhxe5 1-0

[Event "AUT-ch U18-Open 2025"]
[Site "Fuerstenfeld"]
[Date "2025.04.17"]
[Round "7.4"]
[White "Gruenwald, Simon"]
[Black "Jetzl, Julian"]
[Result "0-1"]
[Annotator "NA RC"]
[ECO "B51"]
[WhiteElo "2101"]
[BlackElo "2146"]
[PlyCount "110"]
[EventDate "2025.04.12"]
[EventType "swiss"]
[EventCountry "AUT"]
[SourceTitle "playchess.com"]
[Source "ChessBase"]
[SourceQuality "1"]
[TimeControl "5400+30"]

1. e4 c5 2. Nf3 d6 3. Bb5+ Nd7 4. a4 Ngf6 5. Nc3 g6 6. a5 Bg7 7. d4 cxd4 8. Nxd4 O-O 9. O-O a6 10. Bc4 Ne5 11. Bb3 Bd7 12. f4 Nc6 13. Nxc6 Bxc6 14. e5 dxe5 15. fxe5 Qxd1 16. Rxd1 Ng4 17. e6 f5 18. Nd5 $14 Rae8 19. c3 Nf6 20. Nb6 Kh8 21. Bf4 Rd8 22. Bc7 Rxd1+ 23. Rxd1 Bh6 24. Nd7 Rc8 25. Nxf6 Rxc7 26. Nd5 Bxd5 27. Rxd5 Kg7 28. Rd7 Bf4 29. Bd5 b6 30. Rd8 bxa5 31. Ra8 Bc1 32. Rb8 a4 33. c4 a3 34. bxa3 Bxa3 35. Kf1 Ra7 36. Ke2 Bd6 37. Rb2 Bxh2 38. c5 Kf6 39. Kd3 a5 40. Kc4 a4 41. Kb5 a3 42. Rd2 Bf4 43. Rc2 Be5 44. Kb6 Ra4 45. Kb5 Rd4 46. Ba2 g5 47. Bc4 Rd1 48. Ba2 Rd8 49. c6 h5 50. c7 Rc8 51. Kb6 h4 52. Bd5 g4 53. Ra2 Bxc7+ 54. Kb7 Rd8 55. Bc6 Bd6 0-1

[Event "AUT-ch U18-Open 2025"]
[Site "Fuerstenfeld"]
[Date "2025.04.17"]
[Round "7.5"]
[White "Archan, Elikya"]
[Black "Hengl, Philip"]
[Result "0-1"]
[Annotator "RC"]
[ECO "C02"]
[WhiteElo "2048"]
[BlackElo "2205"]
[PlyCount "76"]
[EventDate "2025.04.12"]
[EventType "swiss"]
[EventCountry "AUT"]
[SourceTitle "playchess.com"]
[Source "ChessBase"]
[SourceQuality "1"]
[TimeControl "5400+30"]

1. e4 e6 2. d4 d5 3. e5 c5 4. c3 Bd7 5. Nf3 Qb6 6. a3 Bb5 7. b4 cxb4 8. Bxb5+ Qxb5 9. axb4 Nd7 10. Na3 Qc6 11. Qd3 Nb6 12. Qb5 Ne7 13. O-O a6 14. Qxc6+ Nxc6 15. Bd2 Be7 16. Rfc1 Kd7 17. Ne1 Na7 18. Kf1 Nb5 19. Ke2 Nxa3 20. Rxa3 Nc4 21. Ra2 Nxd2 22. Rxd2 Bg5 23. Nd3 Bxd2 24. Kxd2 b6 25. g3 a5 26. b5 g5 27. h3 Ra7 28. Rb1 Rg8 29. Kc2 Rg6 30. f3 Ra8 31. Kb3 Rgg8 32. Rc1 a4+ 33. Kb4 Rgc8 34. Ka3 Ra5 35. Nb2 Rxb5 36. Nxa4 Ra8 37. Ra1 Ke7 38. h4 Rxa4+ 0-1

[Event "AUT-ch U18-Open 2025"]
[Site "Fuerstenfeld"]
[Date "2025.04.17"]
[Round "7.6"]
[White "Fitz, Jonathan David"]
[Black "Zaytsev, Alexander"]
[Result "1/2-1/2"]
[Annotator "RC"]
[ECO "D46"]
[WhiteElo "1918"]
[BlackElo "2178"]
[PlyCount "40"]
[EventDate "2025.04.12"]
[EventType "swiss"]
[EventCountry "AUT"]
[SourceTitle "playchess.com"]
[Source "ChessBase"]
[SourceQuality "1"]
[TimeControl "5400+30"]

1. d4 d5 2. c4 c6 3. Nf3 Nf6 4. Nbd2 Bf5 5. Nh4 Bc8 6. Nhf3 e6 7. e3 Nbd7 8. Bd3 Bd6 9. O-O O-O 10. e4 dxe4 11. Nxe4 Nxe4 12. Bxe4 f5 13. Bc2 Qf6 14. Re1 h6 15. c5 Bc7 16. Rxe6 Qd8 17. Bb3 Kh8 18. Rg6 Kh7 19. Re6 Kh8 20. Rg6 Kh7 1/2-1/2

[Event "AUT-ch U18-Open 2025"]
[Site "Fuerstenfeld"]
[Date "2025.04.17"]
[Round "7.7"]
[White "Maier, Tobias"]
[Black "Zehetner, Robert"]
[Result "1/2-1/2"]
[Annotator "NA RC"]
[ECO "A35"]
[WhiteElo "1915"]
[BlackElo "1726"]
[PlyCount "79"]
[EventDate "2025.04.12"]
[EventType "swiss"]
[EventCountry "AUT"]
[SourceTitle "playchess.com"]
[Source "ChessBase"]
[SourceQuality "1"]
[TimeControl "5400+30"]

1. e4 c6 2. c4 d5 3. cxd5 cxd5 4. exd5 Nf6 5. Nc3 Nxd5 6. Nf3 Nc6 7. d4 g6 8. Qb3 Nxc3 9. Bc4 Nd5 10. Bxd5 e6 11. Bxc6+ bxc6 12. O-O f6 13. Re1 Qd5 14. Qc2 Kf7 15. Be3 Bb7 16. a3 Rc8 17. b4 Be7 18. Rac1 a5 19. Bd2 axb4 20. Bxb4 Bxb4 21. axb4 Rb8 22. Qd2 h6 23. Qf4 Rbc8 24. Rc5 Qd8 25. Ne5+ Kg7 26. Nxg6 Kxg6 27. Qg4+ Kh7 28. Qxe6 Rg8 29. Rf5 Rg6 30. Qe4 Kh8 31. b5 Qd7 32. Re5 Rg4 33. Re8+ Rxe8 34. Qxe8+ Qxe8 35. Rxe8+ Kh7 36. bxc6 Rxd4 37. h3 Bxc6 38. Re6 Bd5 39. Rxf6 Kg7 40. Rb6 1/2-1/2

[Event "AUT-ch U18-Open 2025"]
[Site "Fuerstenfeld"]
[Date "2025.04.17"]
[Round "7.8"]
[White "Hake, Nils"]
[Black "Pedevilla, Luis"]
[Result "1-0"]
[Annotator "RC"]
[ECO "A50"]
[WhiteElo "2054"]
[BlackElo "1925"]
[PlyCount "49"]
[EventDate "2025.04.12"]
[EventType "swiss"]
[EventCountry "AUT"]
[SourceTitle "playchess.com"]
[Source "ChessBase"]
[SourceQuality "1"]
[TimeControl "5400+30"]

1. d4 Nf6 2. c4 b6 3. f3 e6 4. e4 d5 5. cxd5 exd5 6. e5 Nfd7 7. Nc3 Bb7 8. f4 g6 9. Nf3 Bg7 10. Bd3 f5 11. g4 O-O 12. gxf5 gxf5 13. Be3 a6 14. Qc2 Bc8 15. Ng5 Nxe5 16. dxe5 d4 17. Bc4+ Kh8 18. O-O-O c5 19. Bf2 b5 20. Nf7+ Rxf7 21. Bxf7 Bb7 22. Rhg1 Qf8 23. Bd5 dxc3 24. Bxb7 cxb2+ 25. Kb1 1-0